 Dungeon Crawl Stone Soup version 0.29.0-5-ge4962eb29e (webtiles) character file.

Game seed: 17460439101514991130

2106 ProzacElf the Carver (level 9, 0/60 HPs)
             Began as a Djinni Cinder Acolyte on Aug 29, 2022.
             Was a High Priest of Ignis.
             Slain by Duvessa
             ... wielding a +0 short sword
              (8 damage)
             ... on level 6 of the Dungeon.
             The game lasted 00:23:58 (8686 turns).

ProzacElf the Carver (Djinni Cinder Acolyte)        Turns: 8686, Time: 00:23:58

Health: 0/60       AC: 11    Str: 13    XL:     9   Next: 53%
Gold:   330        EV: 10    Int: 16    God:    Ignis [*****.] SH: 11 Dex: 13

rFire   + + +      SeeInvis .   b - +2 dagger (venom)
rCold   x . .      Faith    .   y - +2 kite shield
rNeg    . . .      Spirit   .   c - +0 ring mail
rPois   ∞          Reflect  .   m - +2 hat
rElec   .          Harm     .   (no cloak)
rCorr   .          Rampage  .   (no gloves)
Will    .....                   (boots unavailable)
Stlth   +.........              (no amulet)
HPRegen 0.20/turn               h - ring of protection from fire
MPRegen 0.00/turn               x - +4 ring of protection {=R}

@: flying
A: sickness immunity, fire resistance 2, cold vulnerability 1, float, innate
caster, HP casting, extra vitality 1
a: Renounce Religion, Fiery Armour, Foxfire Swarm, Rising Flame


You were on level 6 of the Dungeon.
You worshipped Ignis.
Ignis was extremely pleased with you.
You visited 2 branches of the dungeon, and saw 7 of its levels.

You collected 407 gold pieces.
You spent 77 gold pieces at shops.

Inventory:

Hand Weapons
 a - a +0 long sword
 b - a +2 dagger of venom (weapon)
 i - a +1 dagger of holy wrath
 l - a +2 dagger of draining
 o - a -1 falchion of flaming
 s - a +0 short sword of draining
 t - a +5 hand axe
 v - a +1 short sword of speed
 F - a +3 dire flail
 G - a +2 vorpal spear
 H - a +0 shortbow
Missiles
 d - 3 silver boomerangs
 g - a throwing net
 w - 12 poisoned darts (quivered)
Armour
 c - a +0 ring mail (worn)
 m - a +2 hat (worn)
 y - a +2 kite shield (worn)
 I - a +1 ring mail of fire resistance
Jewellery
 h - a ring of protection from fire (left hand)
 x - a +4 ring of protection (right hand) {=R}
Wands
 A - a wand of light (7)
Scrolls
 f - a scroll of enchant weapon {unknown}
 j - 3 scrolls of immolation {unknown}
 p - a scroll of noise {unknown}
 q - 2 scrolls of teleportation
 r - 4 scrolls of amnesia {unknown}
 D - a scroll of butterflies {unknown}
 E - a scroll of poison {unknown}
Potions
 e - a potion of mutation
 k - a potion of berserk rage
 n - a potion of attraction
 u - a potion of might
 z - a potion of lignification {unknown}
 B - 4 potions of curing
 C - a potion of cancellation {unknown}


   Skills:
 - Level 3.0 Fighting
 + Level 8.4 Long Blades
 - Level 5.0 Dodging
 - Level 4.0 Shields
 - Level 2.5 Spellcasting
 + Level 4.9 Evocations


You had 2 spell levels left.
You knew the following spells:

 Your Spells              Type           Power      Damage    Failure   Level
a - Scorch                Fire           20%        2d6       56%         2
b - Call Imp              Summ           10%        N/A       56%         2
c - Freeze                Ice            40%        1d6       43%         1
d - Teleport Other        Tloc           10%        N/A       80%         3
e - Summon Guardian Gole  Hex/Summ       10%        N/A       80%         3
Your spell library was empty.

Dungeon Overview and Level Annotations

Branches:
Dungeon (6/15)             Temple (1/1) D:6

Altars:
Ashenzari
Cheibriados
Dithmenos
Elyvilon
Fedhas
Gozag
Hepliaklqana
Makhleb
Nemelex Xobeh
Okawaru
Qazlal
Ru
Uskayaw
Wu Jian
Yredelemnul
Zin
The Shining One

Shops:
D:4 !

Annotations:
D:6 Duvessa


Innate Abilities, Weirdness & Mutations

You are immune to sickness and miasma.
You are immune to poison.
Your flesh is very heat resistant. (rF++)
You are vulnerable to cold. (rC-)
You float through the air rather than walking.
You learn spells naturally, not from books.
Your magical power is your life essence.
You have superior vitality. (+4 MHP)


Message History

Ye hear a shout!
Ye hear a shout!
Ye hear a shout! x2
Duvessa shouts!
Ye hear a shout!
Duvessa rages.
Throw: 14 darts (poison)
Press: ? - help, Q - select action, (/) - cycle Shift-Dir - straight line, f - Duvessa
Aim: Duvessa, wieldin' a +0 short sword an' wearin' a +0 leathar armour (berserk, 61% ta hit) Ye throw a poison'd dart.
Tha poison'd dart hits Duvessa.
A gnoll comes inta view.
It be wieldin' a +0 spear.
Throw: 13 darts (poison)
Press: ? - help, Q - select action, (/) - cycle Shift-Dir - straight line, f/p - Duvessa
Aim: Duvessa, wieldin' a +0 short sword an' wearin' a +0 leathar armour (berserk, 61% ta hit) Ye throw a poison'd dart.
Tha poison'd dart hits Duvessa.
Duvessa be poison'd.
Duvessa hits ye but does nay damage.
Ye hit Duvessa.
Duvessa looks as sick as possible!
Duvessa be lightly wounded.
Ye block Duvessa's attack.
Ye closely miss Duvessa.
Duvessa be lightly wounded.
Duvessa hits ye wit' a +0 short sword! x2
A white imp comes inta view.
Ye take 20 damage, an' haf 40/60 hp.
MASSIVE DAMAGE!!
Ye hit Duvessa but do nay damage.
Duvessa looks as sick as possible!
Duvessa be lightly wounded.
Duvessa hits ye wit' a +0 short sword!
Tha gnoll hits ye but does nay damage.
Tha white imp grins evilly.
Ye take 8 damage, an' haf 32/60 hp.
Ye hit Duvessa.
Duvessa looks as sick as possible!
Duvessa be moderately wounded.
Ye block Duvessa's attack. x2
Tha gnoll hits ye from afar wit' a +0 spear.
Ye take 4 damage, an' haf 28/60 hp.
Duvessa attacks as ye move away!
Duvessa hits ye wit' a +0 short sword!
* * * LOW HITPOINT WARNIN'
* * * Ye take 12 damage, an' haf 16/60 hp.
Duvessa attacks as ye move away!
Duvessa hits ye wit' a +0 short sword!
* * * LOW HITPOINT WARNIN'
* * * Duvessa hits ye wit' a +0 short sword!
Ye die...

#...##### #....... ##..#
#.....
≈#..#######.#.#######
≈#..'................
≈#..#########.#######
♣#....#######...#
.#....##......#.#
♣#....##......#.######.###
##....##........@e.......#
#.....##...........g....##
......##............(...#
†.....######........5(..#
......# #....######'##
......# #.#### .# ########
#.# . ##.....# #.# #
.'.....#####.#


You could see Duvessa (berserk, extremely poisoned), a gnoll and a white imp.

Vanquished Creatures
  Sigmund (D:3)
  An orc warrior (D:6)
  A sky beast (D:6)
  A black bear (D:5)
  An ogre (D:5)
  A centaur (D:5)
  2 necrophages
  A scorpion (D:6)
  2 gnoll sergeants (D:6)
  4 wights (D:6)
  Dowan (D:6)
  An electric eel (D:6)
  5 hounds
  6 jellies
  4 orc priests
  A gnoll bouda (D:6)
  4 iguanas
  An orc wizard (D:6)
  8 gnolls
  9 adders
  2 white imps (D:6)
  3 worms
  6 dart slugs
  7 orcs
  4 ball pythons
  6 bats
  9 endoplasms
  3 giant cockroaches (D:1)
  17 goblins
  5 hobgoblins
  10 jackals
  13 kobolds
  3 quokkas
  8 frilled lizards
  3 rats
154 creatures vanquished.

Vanquished Creatures (collateral kills)
  A giant cockroach (D:3)
1 creature vanquished.

Vanquished Creatures (others)
  4 plants (D:6)
4 creatures vanquished.

Grand Total: 159 creatures vanquished

Notes
Turn   | Place    | Note
-------+----------+-------------------------------------------
     0 | D:1      | ProzacElf the Djinni Cinder Acolyte began the quest for the
                  | Orb.
     0 | D:1      | ProzacElf set off with the following spells memorised:
                  | Scorch.
     0 | D:1      | Reached XP level 1. HP: 20/20 MP: 0/0
   100 | D:1      | Reached skill level 1 in Dodging
   100 | D:1      | Reached XP level 2. HP: 21/25 MP: 0/0
   152 | D:1      | Reached skill level 3 in Long Blades
   328 | D:1      | Reached XP level 3. HP: 26/30 MP: 0/0
   328 | D:1      | Learned a level 1 spell: Freeze
   704 | D:1      | Found a faded altar of an unknown god.
  1210 | D:2      | Found a stormy altar of Qazlal.
  1320 | D:2      | Reached XP level 4. HP: 35/35 MP: 0/0
  2157 | D:3      | Reached XP level 5. HP: 39/40 MP: 0/0
  2157 | D:3      | Learned a level 2 spell: Call Imp
  2217 | D:3      | Reached skill level 4 in Long Blades
  2569 | D:3      | Noticed Sigmund
  2612 | D:3      | Killed Sigmund
  2613 | D:3      | Reached XP level 6. HP: 19/46 MP: 0/0
  3713 | D:4      | Reached skill level 5 in Long Blades
  3751 | D:4      | Found an opulent altar of Gozag.
  3821 | D:4      | Reached XP level 7. HP: 49/50 MP: 0/0
  3821 | D:4      | Learned a level 3 spell: Teleport Other
  3839 | D:4      | Reached skill level 5 in Dodging
  3928 | D:4      | Found Weohoamp's Distillery.
  3939 | D:4      | Bought a potion of degeneration for 11 gold pieces
  3939 | D:4      | Bought a potion of curing for 33 gold pieces
  3939 | D:4      | Bought a potion of curing for 33 gold pieces
  4204 | D:5      | Entered Level 5 of the Dungeon
  4519 | D:5      | Reached skill level 1 in Shields
  4820 | D:5      | Reached skill level 6 in Long Blades
  5189 | D:5      | Reached XP level 8. HP: 51/56 MP: 0/0
  5849 | D:5      | Found a sacrificial altar of Ru.
  6033 | D:6      | Found a blossoming altar of Fedhas.
  6187 | D:6      | Found a hazy altar of Hepliaklqana.
  6627 | D:6      | Noticed Duvessa
  6630 | D:6      | Noticed Dowan
  6645 | D:6      | Killed Dowan
  6646 | D:6      | Reached skill level 7 in Long Blades
  6650 | D:6      | Reached skill level 1 in Evocations
  6808 | D:6      | Found a burning altar of Makhleb.
  7107 | D:6      | Reached XP level 9. HP: 50/60 MP: 0/0
  7107 | D:6      | Learned a level 3 spell: Summon Guardian Golem
  7502 | D:6      | Reached skill level 8 in Long Blades
  7737 | D:6      | Found a staircase to the Ecumenical Temple.
  7746 | Temple   | Entered the Ecumenical Temple
  8686 | D:6      | Slain by Duvessa

Illustrated notes

Levels and vault maps discovered:
D:1:      dpeg_arrival_rhombus, layout_rooms,
          dilly_ecumenical_altar_fadedgnrine, minmay_tromino_v4_c
D:2:      layout_basic, basic_altar
D:3:      layout_basic, serial_co_window_serial, co_window_paths_a,
          co_window_cross_1, co_window_of_opportunity_a, co_window_paths_b,
          co_window_of_opportunity_a, co_window_corner_cb, co_window_broadway_a,
          co_window_corner_b, co_window_unsneaky_path_e, co_window_broadway_c,
          glass_columns_b, glass_columns_a, glass_columns_a, glass_columns_b,
          glass_columns_a, uniq_sigmund
D:4:      layout_rooms, mainiacjoe_overflow_small_starburst, serial_shops,
          shop_fountains, chequers_hall_statues_y
D:5:      layout_loops_corners, nicolae_overflow_hidden_temple
D:6:      layout_basic, worldfamousw_hep_ancestral_shrine, fedhas_altar_1,
          nicolae_overflow_squiral, minmay_temple_entry_poolview,
          nzn_random_ring, uniq_duvessa
Temple:   bh_familiar_temple

Skill      XL: |  1  2  3  4  5  6  7  8  9 |
---------------+----------------------------+-----
Dodging        | 1 2 3 4 5 |  5.0
Long Blades    | 3 4 5 6 7 8 |  8.4
Shields        | 2 4 |  4.0
Evocations     | 2 4 |  4.9
Fighting       | |  3.0
Spellcasting   | |  2.5

Action                   |  1- 3 |  4- 6 |  7- 9 || total
-------------------------+-------+-------+-------++-------
Melee: Falchion          |    92 |       |       ||    92
       Dagger            |    21 |   201 |   375 ||   597
       Punch             |     2 |     3 |       ||     5
       Long sword        |       |       |    29 ||    29
Throw: Boomerang         |    11 |       |       ||    11
       Dart              |       |       |    12 ||    12
 Cast: Call Imp          |       |     1 |       ||     1
Evoke: Wand              |       |       |     7 ||     7
  Use: Potion            |       |     3 |     2 ||     5
       Scroll            |       |       |     6 ||     6
Armor: Ring mail         |    77 |    64 |   103 ||   244
Dodge: Dodged            |    83 |    75 |   128 ||   286
Block: Kite shield       |       |     2 |   198 ||   200
